[Event "Live Chess"]
[Site "Chess.com"]
[Date "2024.06.02"]
[Round "-"]
[White "upoe610"]
[Black "Greenbecker"]
[Result "1-0"]
[WhiteElo "2189"]
[BlackElo "1723"]
[TimeControl "300"]
[EndTime "23:46:40 PDT"]
[Termination "upoe610 won on time"]

1. c4 e5 2. g3 Nf6 3. Bg2 d5 4. cxd5 Nxd5 5. Nf3 Nc6 6. O-O Bd6 7. Nc3 Nxc3 8. bxc3 O-O 9. d4 exd4 10. cxd4 Bg4 11.
Bb2 Re8 12. e3 Qf6 13. h3 Bh5 14. g4 Bg6 15. Nd2 Qh4 16. Nc4 Rad8 17. Nxd6 Rxd6 18. d5 Ne5 19. Qd4 f6 20. Rac1 Nc6 21. Qf4 Ne7 22.
Rxc7 Nxd5 23. Qxd6 Nxc7 24. Qxc7 h5 25. Bd4 hxg4 26.
hxg4 Qxg4 27. Qg3 Qh5 28. Rc1 Be4 29. Bxe4 Rxe4 30. Rc8+ Kh7 31. Kf1 Qd1+ 32. Kg2 Rg4 33. Rc7 Rxg3+ 34. Kxg3 Kg8 35. Bxa7 Qa4 36. Bd4 Qxa2 37.
Rxb7 Qa6 38. Ra7 Qd6+ 39. Kf3 Qd5+ 40. Kf4 g5+ 41. Kg4 Qe4+ 42. Kh5 Qh1+ 43. Kg6 Qe4+ 44. Kxf6 Qf3+ 45. Kxg5 Qxf2 46. Rg7+ Kf8 47. Ra7 Qg3+ 48. Kf6 Qf3+ 49. Ke6 Qe4+ 50. Kd6 Qg6+ 51. Kd5 Qf5+ 52. Kc4 Qe6+ 53. Kb5 Qf5+ 54. Bc5+ 1-0

[Event "Live Chess"]
[Site "Chess.com"]
[Date "2024.06.02"]
[Round "-"]
[White "AlanBstard10"]
[Black "Ferrarifan27"]
[Result "0-1"]
[WhiteElo "1167"]
[BlackElo "2116"]
[TimeControl "300"]
[EndTime "23:47:49 PDT"]
[Termination "Ferrarifan27 won by resignation"]

1. b4 Nf6 2. Bb2 d5 3. a3 Bf5 4. e3 e6 5. Be2 Be7 6. Nf3 O-O 7.
O-O Nbd7 8. c4 c6 9. cxd5 cxd5 10. Nc3 Rc8 11. Nd4 Bg6 12. Ncb5 a6 13. Nc3 Ne5 14.
f4 Nd3 15. Bxd3 Bxd3 16. Rf3 Ne4 17. Nxe4 Bxe4 18. Rg3 Bf6 19. Rc1 Qb6 20. Rxc8 Rxc8 21.
Qg4 g6 22. h4 h5 23. Qe2 a5 24.
Qb5 Qxb5 25. Nxb5 Bxb2 26. Nd6 Rc1+ 27. Kf2 Bxa3 28. Nxe4 dxe4 0-1

[Event "Live Chess"]
[Site "Chess.com"]
[Date "2024.06.02"]
[Round "-"]
[White "Isambard_Thomas"]
[Black "KeithArkell"]
[Result "1-0"]
[WhiteElo "2172"]
[BlackElo "2416"]
[TimeControl "300"]
[EndTime "23:47:56 PDT"]
[Termination "Isambard_Thomas won by checkmate"]

1. d4 e6 2. Nf3 Nf6 3. Bg5 c5 4.
c3 cxd4 5. Qxd4 Nc6 6. Qa4 Be7 7. e3 a6 8. Bd3 O-O 9. Qc2 b5 10. Bxf6 Bxf6 11. Bxh7+ Kh8 12. Bd3 b4 13. h4 Rb8 14.
Ng5 Ne5 15. Bxa6 g6 16. Be2 Bxg5 17. hxg5+ Kg7 18. f4 Nc6 19. Nd2 d5 20. cxb4 Qb6 21. Qc3+ d4 22. exd4 Nxd4 23. Qh3 Nc2+ 24. Kd1 Ne3+ 25.
Kc1 Qc7+ 26. Nc4 Rg8 27. Qh6# 1-0

[Event "Live Chess"]
[Site "Chess.com"]
[Date "2024.06.02"]
[Round "-"]
[White "Hoogleboogle"]
[Black "FlyingChessKestrel13"]
[Result "0-1"]
[WhiteElo "1417"]
[BlackElo "2081"]
[TimeControl "300"]
[EndTime "23:48:18 PDT"]
[Termination "FlyingChessKestrel13 won by resignation"]

1. d4 d5 2. c4 dxc4 3. e4 e5 4. d5 Nf6 5. Nc3 b5 6. Bg5 Bb4 7. a3 Bxc3+ 8. bxc3 Nbd7 9. Rb1 a6 10. Nf3 O-O 11. Be2 Nc5 12. O-O Ncxe4 13. Bd2 Qxd5 14. Ne1 Qxd2 15. Qxd2 Nxd2 16. Rd1 Nxf1 17. Kxf1 Bf5 18. Bf3 Rad8 19. Rxd8 Rxd8 20. Bb7 Rd6 21. Nf3 Nd7 22. Nh4 Be6 23. Bc8 g6 24.
Nf3 f6 25. g3 Nc5 26. Bxe6+ Nxe6 27. Ke2 Rd3 28. Ne1 Rxc3 29. Kd2 Rxa3 30. Kc2 Ra2+ 31. Kc3 Rxf2 0-1

[Event "Live Chess"]
[Site "Chess.com"]
[Date "2024.06.02"]
[Round "-"]
[White "MagnersCarlsberg2870"]
[Black "Ziipyyy"]
[Result "1-0"]
[WhiteElo "1824"]
[BlackElo "1301"]
[TimeControl "300"]
[EndTime "23:48:25 PDT"]
[Termination "MagnersCarlsberg2870 won by checkmate"]

1. d4 Nf6 2. Nf3 d6 3. Nc3 g6 4.
e4 Bg7 5. h3 O-O 6. Bc4 e5 7.
dxe5 dxe5 8. Qxd8 Rxd8 9. Nxe5 Nxe4 10. Nxf7 Re8 11. Nxe4 Rxe4+ 12. Kf1 Rxc4 13. Ng5 Rxc2 14. Be3 Bf5 15. Rd1 Nc6 16. g4 h6 17. gxf5 hxg5 18. Bxg5 gxf5 19. h4 Re8 20. h5 Ree2 21. Rh2 Be5 22.
Rg2 Nd4 23. Bf6+ Kf7 24. Bxe5 Nf3 25. Rg7+ Kf8 26. Rd8# 1-0

[Event "Live Chess"]
[Site "Chess.com"]
[Date "2024.06.02"]
[Round "-"]
[White "JohanKjeldahl"]
[Black "juniortay"]
[Result "0-1"]
[WhiteElo "1859"]
[BlackElo "2407"]
[TimeControl "300"]
[EndTime "23:49:01 PDT"]
[Termination "juniortay won by resignation"]

1. c4 e6 2. d4 d5 3. Nc3 c5 4.
cxd5 exd5 5. Nf3 Nc6 6. e3 Nf6 7. Bd3 c4 8. Bc2 Bb4 9. Bd2 O-O 10. O-O Re8 11. h3 Bxc3 12. bxc3 Ne4 13. Rb1 Rb8 14. Be1 b5 15. a4 a6 16. axb5 axb5 17. Bxe4 Rxe4 18.
Nd2 Re8 19. Qf3 g6 20. Rb2 Bf5 21. g4 Bd3 22. Qg3 Bxf1 23. Kxf1 b4 24. Nb1 bxc3 25. Rxb8 Qxb8 26. Nxc3 Qxg3 27. fxg3 Ne7 28. Ke2 Rb8 29. Bd2 Ra8 30. e4 dxe4 31. Nxe4 Nd5 32. Kf3 Ra3+ 33. Kf2 c3 34. Bc1 Ra1 35. Bh6 c2 0-1

[Event "Live Chess"]
[Site "Chess.com"]
[Date "2024.06.02"]
[Round "-"]
[White "Delacorta"]
[Black "RichardABates"]
[Result "0-1"]
[WhiteElo "1525"]
[BlackElo "2359"]
[TimeControl "300"]
[EndTime "23:49:09 PDT"]
[Termination "RichardABates won by checkmate"]

1. d4 Nf6 2. Nf3 g6 3. e3 Bg7 4. Be2 O-O 5. c4 d6 6. Nc3 Nbd7 7. h4 e5 8. dxe5 dxe5 9. Ng5 h6 10. Nge4 Nxe4 11. Nxe4 f5 12. Nc3 c6 13. h5 g5 14.
Bd3 e4 15. Nxe4 fxe4 16. Bxe4 Nc5 17. Bg6 Qxd1+ 18. Kxd1 Rxf2 19. e4 Bg4+ 20. Ke1 Nd3# 0-1

[Event "Live Chess"]
[Site "Chess.com"]
[Date "2024.06.02"]
[Round "-"]
[White "MagnersCarlsberg2870"]
[Black "SavagePawn7"]
[Result "1-0"]
[WhiteElo "1824"]
[BlackElo "641"]
[TimeControl "300"]
[EndTime "23:51:02 PDT"]
[Termination "MagnersCarlsberg2870 won by resignation"]

1. d4 e5 2. dxe5 d6 3. Nf3 dxe5 4. Qxd8+ Kxd8 5. Nxe5 Nf6 6. Nxf7+ Ke8 7. Nxh8 Be6 8.
e4 Nxe4 9. Bd3 Nc5 10. O-O Nc6 11. Re1 Rd8 12. Rxe6+ Nxe6 13. Nc3 Bc5 14. Bxh7 Kd7 15. Nf7 Kc8 16. Nxd8 Ncxd8 17. Bf5 1-0

[Event "Live Chess"]
[Site "Chess.com"]
[Date "2024.06.02"]
[Round "-"]
[White "elephantgerrald"]
[Black "NAZRIZ1977"]
[Result "0-1"]
[WhiteElo "839"]
[BlackElo "2099"]
[TimeControl "300"]
[EndTime "23:51:17 PDT"]
[Termination "NAZRIZ1977 won by checkmate"]

1. e4 c5 2. Nf3 d6 3. Bc4 Nc6 4.
d3 Nf6 5. Nc3 Bg4 6. Bf4 Nd4 7.
Nb1 Nxf3+ 8. gxf3 Bh3 9. Nc3 a6 10. Qe2 e6 11. O-O-O b5 12. Bb3 g6 13. d4 c4 14.
Bxc4 bxc4 15. Qxc4 Qc8 16. Qa4+ Qd7 17. Qc4 Be7 18. e5 Nh5 19. Bh6 d5 20. Qe2 Rb8 21. Qxa6 Qb7 22. Qa4+ Qd7 23. Qxd7+ Kxd7 24. Rhg1 Rhc8 25.
a4 Rb4 26. Bd2 Bh4 27. Nxd5 Rbb8 28. Nc3 Bxf2 29. Rg5 Bh4 30. Rgg1 Bf2 31. Rg5 h6 32. Rxh5 gxh5 33. Bxh6 Bh4 34. d5 exd5 35. Rxd5+ Ke6 36. Rd6+ Kxe5 37. Rd5+ Ke6 38. Rxh5 Bf6 39. Rxh3 Bxc3 40.
bxc3 Rxc3 41. Bd2 Ra3 42. Rh6+ Kf5 43. Rh5+ Kg6 44. Rh6+ Kg7 45. Bc3+ Kxh6 46. Bd2+ Kg6 47. Bf4 Rxa4 48. Bxb8 Rh4 49. Kb2 Rb4+ 50. Kc3 Rxb8 51.
Kd4 Kf5 52. c4 Kf4 53. c5 Kxf3 54. Kd5 f5 55. c6 f4 56. Kd6 Rb6 57. Kd7 Kg2 58.
c7 Rb7 59. Kd8 Rxc7 60. Kxc7 Kxh2 61. Kd6 f3 62. Ke5 f2 63. Ke4 f1=Q 64. Kd5 Qe2 65. Kd6 Qe3 66. Kd5 Kg3 67. Kc4 Qd2 68. Kc5 Qd3 69. Kc6 Qd4 70. Kb5 Qc3 71. Kb6 Qc4 72.
Kb7 Qc5 73. Ka6 Qb4 74. Ka7 Kf4 75. Ka6 Ke5 76. Ka7 Kd6 77. Ka8 Kc7 78. Ka7 Qb6+ 79. Ka8 Qa6# 0-1

[Event "Live Chess"]
[Site "Chess.com"]
[Date "2024.06.02"]
[Round "-"]
[White "EPotapov05"]
[Black "nigelst"]
[Result "1-0"]
[WhiteElo "1822"]
[BlackElo "1736"]
[TimeControl "300"]
[EndTime "23:51:20 PDT"]
[Termination "EPotapov05 won on time"]

1. d4 Nf6 2. c4 e6 3. Nc3 Bb4 4. Qc2 c5 5. dxc5 Bxc5 6. Nf3 Qb6 7. e3 Qc7 8. Be2 a6 9. b3 O-O 10. Bb2 Bb4 11. O-O Bxc3 12. Bxc3 b6 13. Bxf6 gxf6 14. Qe4 d6 15. Qg4+ Kh8 16. Qh4 Qe7 17. Bd3 f5 18.
Ng5 f6 19. Nf3 Bb7 20. Nd4 Nc6 21. Nxc6 Bxc6 22. Rfd1 Rg8 23. Bf1 Qg7 24. g3 Rad8 25. Qd4 Bf3 26. Rd2 Be4 27. Qxb6 Qg4 28. Bg2 Bxg2 29.
Kxg2 f4 30. exf4 Qxf4 31. Rad1 d5 32. cxd5 exd5 33. Qxa6 d4 34. Qd3 Qe5 35. Qf3 Rge8 36. Rd3 Qe2 37. Qxe2 Rxe2 38. Rxd4 Rxd4 39. Rxd4 Rxa2 40.
Rd7 Kg8 41. b4 Rb2 42. Rb7 f5 43. b5 Kf8 44. b6 h5 45. Rb8+ Kf7 46. Kf3 Kg7 47.
b7 Rb4 48. Kg2 Kh7 49. Kh3 Kg7 50. f4 Rb2 51. Kh4 Rxh2+ 52. Kg5 Rb2 53. Kxf5 Rb5+ 54.
Ke4 Rb3 55. f5 Rb4+ 56. Ke5 Rb5+ 57. Ke6 Rb6+ 58. Kd7 Rb3 59. Kc7 Rc3+ 60. Kd6 Rb3 61. Ke5 Rb5+ 62. Ke6 Rb6+ 63. Ke7 Rb3 64. f6+ Kh7 65. f7 Re3+ 66. Kd6 Rd3+ 67. Kc6 Rc3+ 68. Kd5 Rd3+ 69. Kc4 Rxg3 70. Rc8 Rg4+ 71. Kc5 Rg5+ 72.
Kd6 Rg6+ 73. Ke7 1-0

[Event "Live Chess"]
[Site "Chess.com"]
[Date "2024.06.02"]
[Round "-"]
[White "vincents82"]
[Black "ProfPoisson"]
[Result "0-1"]
[WhiteElo "2002"]
[BlackElo "1302"]
[TimeControl "300"]
[EndTime "23:51:20 PDT"]
[Termination "ProfPoisson won by resignation"]

1. e4 e5 2. Nf3 Nf6 3. Nxe5 Nxe4 4. Qe2 Qe7 5. Qxe4 d6 6. d4 dxe5 7. dxe5 Nc6 8. Bb5 Bd7 9. O-O O-O-O 10. Bf4 g5 11.
Bg3 f5 12. Qa4 f4 13. Bxc6 Bxc6 14. Qxa7 b6 15. Nc3 fxg3 16. fxg3 Qc5+ 17. Kh1 Qxe5 18. a4 Bb4 19. Na2 Qc5 20. Nxb4 Qxb4 21. a5 Bxg2+ 22. Kxg2 Rd2+ 23. Rf2 Qe4+ 24. Kg1 Rxf2 25. Qa6+ Kd7 26. Rd1+ Ke8 27. Qb5+ c6 0-1

[Event "Live Chess"]
[Site "Chess.com"]
[Date "2024.06.02"]
[Round "-"]
[White "JoeyCage"]
[Black "peteopeteo"]
[Result "1-0"]
[WhiteElo "2397"]
[BlackElo "1546"]
[TimeControl "300"]
[EndTime "23:52:17 PDT"]
[Termination "JoeyCage won by checkmate"]

1. e4 c6 2. d4 d5 3. e5 Bf5 4. c4 e6 5. Nc3 Bb4 6. Qb3 Qb6 7. Be3 Ne7 8. c5 Bxc3+ 9. Qxc3 Qc7 10. Nf3 O-O 11.
Be2 b6 12. b4 Nd7 13. O-O b5 14. a4 a6 15. h3 Be4 16. Ng5 Bf5 17. g4 Bg6 18. f4 h6 19. Nf3 h5 20. Nh4 Be4 21. f5 exf5 22. Nxf5 Nxf5 23. gxf5 Qd8 24. Kh2 Qh4 25. Rf4 Qd8 26. Bxh5 f6 27. e6 Nb8 28. axb5 cxb5 29. Bg6 Qc7 30. Qe1 Bxf5 31. Bxf5 g5 32.
Qg3 Qg7 33. Rg4 Nc6 34. h4 Qh6 35. Kg2 Nxb4 36. hxg5 fxg5 37. Rxg5+ Kh8 38. Rh1 Qxh1+ 39. Kxh1 Rxf5 40. Qh4# 1-0

[Event "Live Chess"]
[Site "Chess.com"]
[Date "2024.06.02"]
[Round "-"]
[White "Bradfield133"]
[Black "imchessive"]
[Result "1-0"]
[WhiteElo "1872"]
[BlackElo "1584"]
[TimeControl "300"]
[EndTime "23:52:22 PDT"]
[Termination "Bradfield133 won by resignation"]

1. c4 g6 2. g3 Bg7 3. Bg2 d6 4. Nc3 Nf6 5. e4 e5 6. Nge2 O-O 7. O-O Nc6 8. d3 Be6 9. h3 a6 10. Be3 Qd7 11. Kh2 h5 12. Nd5 Nh7 13. f4 f5 14.
Rf2 fxe4 15. dxe4 Ne7 16. Qd3 c6 17. Ndc3 d5 18. exd5 Bf5 19. Qd2 cxd5 20. Nxd5 e4 21. Nec3 Bxc3 22. Nxc3 Qxd2 23. Rxd2 Nf6 24. Rad1 Rac8 25.
b3 b5 26. Nd5 Nexd5 27. cxd5 Rc3 28. Bd4 Rc7 29. Be5 Rd7 30. d6 e3 31. Re2 Be4 32.
Rxe3 Bxg2 33. Kxg2 Ne8 34. Rc3 Kf7 35. Rc8 Ke6 36.
Re1 Kf7 37. Rc6 a5 38. Ra6 a4 39. bxa4 bxa4 40. Rxa4 Nxd6 41. Rd4 Rfd8 42. Red1 Ke6 43. Bxd6 Rxd6 44. Rxd6+ Rxd6 45. Rxd6+ Kxd6 46. Kf3 1-0

[Event "Live Chess"]
[Site "Chess.com"]
[Date "2024.06.02"]
[Round "-"]
[White "Hacker_2009"]
[Black "Dhaydon19"]
[Result "1/2-1/2"]
[WhiteElo "2236"]
[BlackElo "2673"]
[TimeControl "300"]
[EndTime "23:52:40 PDT"]
[Termination "Game drawn by repetition"]

1. e4 e6 2. d4 d5 3. Nd2 dxe4 4. Nxe4 Nd7 5. Nf3 Ngf6 6. Bd3 Nxe4 7. Bxe4 Nf6 8. Bd3 Be7 9. O-O O-O 10. h3 b6 11.
Bf4 Bb7 12. c3 c5 13. Be5 cxd4 14. Bxd4 Qd5 15. Re1 Rad8 16. Qc2 h6 17. Rad1 Qc6 18. Bxf6 Bxf6 19. Bh7+ Kh8 20. Be4 Qc7 21. Bxb7 Qxb7 22.
Rxd8 Rxd8 23. Rd1 Rd5 24. Rxd5 Qxd5 25. Qa4 e5 26. Qxa7 e4 27. Nd4 Bxd4 28. cxd4 b5 29. a3 Qb3 30. Qa8+ Kh7 31. Qxe4+ g6 32. Qe2 h5 33.
Qd2 Qd5 34. Qc3 Qe4 35. Qb3 Qe1+ 36. Kh2 Qxf2 37. Qf3 Qxd4 38. Qxf7+ Kh6 39. Qf8+ Kh7 40. Qe7+ Kh6 41. Qf8+ Kh7 42. Qe7+ Kh6 43. Qf8+ 1/2-1/2

[Event "Live Chess"]
[Site "Chess.com"]
[Date "2024.06.02"]
[Round "-"]
[White "KeithArkell"]
[Black "AlanBstard10"]
[Result "1-0"]
[WhiteElo "2416"]
[BlackElo "1167"]
[TimeControl "300"]
[EndTime "23:52:44 PDT"]
[Termination "KeithArkell won by checkmate"]

1. d4 Nf6 2. Nf3 d5 3. c4 e6 4.
cxd5 exd5 5. Nc3 c6 6. Qc2 Be7 7.
Bg5 O-O 8. e3 Bg4 9. Ne5 h5 10.
Bd3 Nbd7 11. h3 Be6 12. g4 Nxe5 13. dxe5 Nd7 14. Bxe7 Qxe7 15. f4 h4 16. f5 Nxe5 17. fxe6 Nxd3+ 18. Qxd3 Qxe6 19. O-O-O Rad8 20. Rde1 Qg6 21. Qxg6 fxg6 22. Rhf1 Rf7 23. Rxf7 Kxf7 24. Kd2 Kf6 25. Rf1+ Kg5 26. b4 Rd7 27. Kd3 Kh6 28.
Kd4 b6 29. Rf8 Kh7 30. g5 Re7 31. Rc8 Re6 32. a4 Re7 33. Rxc6 Rf7 34. Nxd5 Rf3 35. Rc7 Rxh3 36. Nf6+ Kh8 37. Rc8# 1-0

[Event "Live Chess"]
[Site "Chess.com"]
[Date "2024.06.02"]
[Round "-"]
[White "booktrunk"]
[Black "matt1979"]
[Result "0-1"]
[WhiteElo "1508"]
[BlackElo "1396"]
[TimeControl "300"]
[EndTime "23:52:46 PDT"]
[Termination "matt1979 won by resignation"]

1. d4 e6 2. Nc3 d5 3. Bf4 Bb4 4. Qd2 Nf6 5. a3 Bxc3 6. Qxc3 c6 7. f3 O-O 8. e3 Nbd7 9. Qb4 Nb6 10. b3 Re8 11. Bd3 h6 12. Ne2 a5 13. Qd2 Nh5 14.
Bg3 Nxg3 15. Nxg3 e5 16. dxe5 Rxe5 17. f4 Re8 18. O-O Bg4 19. h3 Bd7 20. Qf2 Nc8 21.
Rae1 Nd6 22. a4 b6 23. e4 dxe4 24. Nxe4 Nxe4 25. Rxe4 c5 26. Rfe1 Qc7 27. Bb5 Bxb5 28. axb5 Qd7 29. Rxe8+ Rxe8 30. Rxe8+ Qxe8 31. Qf1 Qe3+ 32. Kh2 Qd4 33. Qf3 Qd6 34. Kh1 Kh7 35. g3 Qd2 36. Qd3+ Qxd3 37. cxd3 Kg6 38. Kg2 Kf5 39. Kf3 Ke6 40. Ke4 f5+ 41. Ke3 Kd5 42. g4 g6 43.
gxf5 gxf5 44. Kd2 Kd4 45. h4 h5 46. Kc2 Ke3 47. Kc3 Kxf4 48. Kc4 Ke3 49. Kd5 f4 50. Kc6 f3 51. Kxb6 f2 52. Kxa5 f1=Q 53. b6 Qxd3 54.
b7 Qd8+ 55. Ka6 Qb8 56. Kb6 Kd4 57. Ka6 Kc3 58. Kb6 Kxb3 59. Kxc5 Qxb7 60. Kd4 Qb4+ 61. Ke5 Qd2 62. Kf5 Qg2 63. Kf4 Qg4+ 64. Ke5 Qxh4 0-1

[Event "Live Chess"]
[Site "Chess.com"]
[Date "2024.06.02"]
[Round "-"]
[White "f4nomore"]
[Black "RockTroll"]
[Result "0-1"]
[WhiteElo "1259"]
[BlackElo "2185"]
[TimeControl "300"]
[EndTime "23:53:02 PDT"]
[Termination "RockTroll won by resignation"]

1. d4 Nf6 2. Bg5 g6 3. Bxf6 exf6 4. Nf3 d5 5. e3 Nd7 6. Nbd2 Nb6 7. Be2 Bd6 8. O-O h5 9. c4 dxc4 10. Nxc4 Nxc4 11. Bxc4 h4 12. h3 Bf5 13. Qb3 Qd7 14. Qxb7 O-O 15. Nxh4 Bxh3 16. f4 Qg4 17. Bxf7+ Kxf7 18. Qd5+ Kg7 19. Nxg6 Qxg6 20. Qf3 Bg4 21. Qg3 Rh8 22.
Kf2 Qc2+ 23. Kg1 f5 24. Rf2 Qe4 25. Re2 Rh6 26. Qf2 Rah8 27. Kf1 Rh1+ 28. Qg1 Bxe2+ 29. Kxe2 Qc2+ 30. Kf3 Rxg1 31. Rxg1 Qe4+ 32. Kf2 Rb8 33. b3 Rb6 34. g4 Rc6 35. gxf5+ Kf7 36. Re1 Rc2+ 37.
Re2 Rxe2+ 38. Kxe2 Kf6 0-1

[Event "Live Chess"]
[Site "Chess.com"]
[Date "2024.06.02"]
[Round "-"]
[White "nigelst"]
[Black "vincents82"]
[Result "0-1"]
[WhiteElo "1733"]
[BlackElo "2005"]
[TimeControl "300"]
[EndTime "23:53:15 PDT"]
[Termination "vincents82 won by resignation"]

1. e4 d5 2. exd5 Qxd5 3. Nc3 Qd8 4. Nf3 Bg4 5. d4 e6 6. h3 Bxf3 7.
Qxf3 c6 8. Be3 Nf6 9. O-O-O Bb4 10. Ne4 Nxe4 11. Qxe4 Qd5 12. Qxd5 cxd5 13. c3 Bd6 14. Bb5+ Nc6 15. g3 O-O 16. Rhe1 a6 17. Bd3 b5 18. Kb1 b4 19. cxb4 Nxb4 20. Be2 Rfc8 21. Rc1 Kf8 22. Rxc8+ Rxc8 0-1

[Event "Live Chess"]
[Site "Chess.com"]
[Date "2024.06.02"]
[Round "-"]
[White "VIDYUTGANESH"]
[Black "Greenbecker"]
[Result "1-0"]
[WhiteElo "1752"]
[BlackElo "1701"]
[TimeControl "300"]
[EndTime "23:53:20 PDT"]
[Termination "VIDYUTGANESH won by resignation"]

1. e4 Nc6 2. Nf3 d6 3. d4 Bg4 4. Bb5 a6 5. Bxc6+ bxc6 6. O-O Nf6 7. Nc3 e6 8. h3 Bh5 9. Qd3 Be7 10. Re1 O-O 11. e5 dxe5 12. Nxe5 Qd6 13. Bf4 Nd5 14.
Nxd5 Qxd5 15. c4 Qd8 16. Nxc6 Qd7 17. Ne5 Qd8 18. Qg3 Bg6 19. d5 exd5 20. cxd5 Qxd5 21. Nxg6 fxg6 22. Rxe7 Rf7 23. Rxf7 Qxf7 24. Qb3 Qxb3 25. axb3 Rb8 26. Bxc7 Rxb3 27. Be5 Rb6 28. Bd4 Rd6 29. Bc3 Kf7 30. Re1 Rc6 31. Rd1 Ke6 32. Bxg7 Kf5 33. g4+ Ke4 34. Rd4+ Kf3 35. Rd3+ Ke4 36. Re3+ Kf4 37.
Bh6+ g5 38. Bf8 Rc2 39. Ba3 Rd2 40. Kg2 h6 41. Re6 1-0

[Event "Live Chess"]
[Site "Chess.com"]
[Date "2024.06.02"]
[Round "-"]
[White "Delacorta"]
[Black "juniortay"]
[Result "0-1"]
[WhiteElo "1525"]
[BlackElo "2407"]
[TimeControl "300"]
[EndTime "23:54:11 PDT"]
[Termination "juniortay won by resignation"]

1. d4 Nf6 2. Nf3 g6 3. Bg5 Bg7 4. Qd2 c6 5. Bh6 O-O 6. Bxg7 Kxg7 7. Na3 Ne4 8. Qf4 d6 9. h4 h5 10. Qxe4 Bf5 11. Qe3 e5 12. dxe5 dxe5 13. Qc3 f6 14.
Nc4 Qe7 15. O-O-O Na6 16. Qa3 Nb4 17. Rd2 a5 18. Nb6 Ra6 19. Qe3 Nxa2+ 20. Kb1 Nb4 21. g3 a4 22. Bh3 Bxh3 23. Rxh3 a3 24. Rd7 a2+ 25. Kc1 a1=Q+ 26. Kd2 Rd8 0-1

[Event "Live Chess"]
[Site "Chess.com"]
[Date "2024.06.02"]
[Round "-"]
[White "JohanKjeldahl"]
[Black "RichardABates"]
[Result "0-1"]
[WhiteElo "1858"]
[BlackElo "2360"]
[TimeControl "300"]
[EndTime "23:54:25 PDT"]
[Termination "RichardABates won by resignation"]

1. c4 g6 2. Nc3 Bg7 3. d4 Nf6 4. g3 O-O 5. Bg2 d6 6. e3 c5 7. Nge2 cxd4 8. Nxd4 Nc6 9. O-O Bd7 10. b3 Rc8 11. Bb2 Qa5 12. Rc1 a6 13. a3 Nxd4 14. exd4 b5 15. b4 Qd8 16. c5 dxc5 17. dxc5 Be6 18. Bb7 Qc7 19. Bxa6 Rcd8 20. Qc2 Bh3 21. Rfe1 Qc6 22. f4 Qxa6 23. Rxe7 Rfe8 24. Rce1 Rxe7 25. Rxe7 Qc6 26. Qe2 Ng4 27. Ba1 Bd4+ 0-1

[Event "Live Chess"]
[Site "Chess.com"]
[Date "2024.06.02"]
[Round "-"]
[White "NAZRIZ1977"]
[Black "MagnersCarlsberg2870"]
[Result "1-0"]
[WhiteElo "2102"]
[BlackElo "1821"]
[TimeControl "300"]
[EndTime "23:54:43 PDT"]
[Termination "NAZRIZ1977 won by resignation"]

1. e4 e5 2. Nf3 Nf6 3. Nc3 Nc6 4. d4 Bb4 5. d5 Bxc3+ 6. bxc3 Ne7 7. Nxe5 Nxe4 8.
Qh5 g6 9. Qf3 Nd6 10. Qf6 O-O 11. Bh6 Nef5 12. Ng4 Qxf6 13. Nxf6+ Kh8 14. Bxf8 b6 15.
Bxd6 cxd6 16. O-O-O Bb7 17. Bd3 Rc8 18. Bxf5 gxf5 19.
Rd3 1-0

[Event "Live Chess"]
[Site "Chess.com"]
[Date "2024.06.02"]
[Round "-"]
[White "Crowded_House"]
[Black "JanMur7"]
[Result "0-1"]
[WhiteElo "1693"]
[BlackElo "2260"]
[TimeControl "300"]
[EndTime "23:54:47 PDT"]
[Termination "JanMur7 won on time"]

1. d4 Nf6 2. Bg5 d5 3. e3 Ne4 4. Bh4 c6 5. Nd2 Bf5 6. Bd3 Qb6 7. b3 e6 8. Nxe4 dxe4 9. Be2 Bb4+ 10. Kf1 O-O 11. c4 Qc7 12. Bg3 Bd6 13. Bg4 Bf4 14. Bxf4 Qe7 15. Bxb8 Raxb8 16. Bxf5 exf5 17. Ne2 b5 18. c5 Rbd8 19. g3 h5 20. Nf4 g6 21. h4 a5 22. Qc2 Ra8 23. Ke2 a4 24. b4 a3 25. Qb3 Ra4 26. Rhd1 Qf6 27. d5 cxd5 28. Nxd5 Qe5 29. Qc3 Qxc3 30. Nxc3 Rxb4 31. Rab1 Rc4 32. Nxb5 Rxc5 33. Nxa3 Ra5 34. Nc4 Rxa2+ 35. Rd2 Ra6 36. Rb6 Ra4 37. Ne5 Ra7 38. Rdb2 Kg7 39. Rb7 Rxb7 40. Rxb7 Kg8 41. Rd7 Kg7 42. Kd2 Kf6 43. Nc4 Ke6 44. Rd6+ Ke7 45. Ra6 Rd8+ 46. Ke2 Rc8 47. Ra7+ Ke6 48. Nd2 Rc2 49. Ra6+ Ke7 50. Ra7+ Kf6 51. Ra6+ Kg7 52. Kd1 Rb2 53. Ra7 Rb4 54.
Ke2 Rb8 55. Rd7 Rc8 56. Kf1 Rc1+ 57. Kg2 Rd1 58. Rd4 Ra1 59. Nxe4 fxe4 60. Rxe4 Ra5 61. g4 hxg4 62. Rxg4 Rh5 63. Kg3 Rh8 64. f4 Re8 65.
Kf3 f5 66. Rg5 Kf6 67. h5 gxh5 68. Rxh5 Ra8 69. Rh6+ Kg7 70. Rh5 Kg6 0-1

[Event "Live Chess"]
[Site "Chess.com"]
[Date "2024.06.02"]
[Round "-"]
[White "Ksenia_2013"]
[Black "Hoogleboogle"]
[Result "1-0"]
[WhiteElo "970"]
[BlackElo "1331"]
[TimeControl "300"]
[EndTime "23:54:48 PDT"]
[Termination "Ksenia_2013 won by checkmate"]

1. e4 c6 2. c4 d5 3. cxd5 cxd5 4. exd5 Qxd5 5. Nc3 Qd8 6. Bc4 Nf6 7. Nf3 e6 8. O-O b6 9. Bb5+ Bd7 10. Bxd7+ Nbxd7 11. Ng5 Bd6 12. d4 Qc7 13. Qf3 Bxh2+ 14. Kh1 Bd6 15.
Qxa8+ Nb8 16. Nb5 Qd8 17. Nxd6+ Qxd6 18. Qxa7 h6 19. Qxf7+ Kd8 20. Qxg7 hxg5+ 21. Qxh8+ Kc7 22. Qxf6 Kc6 23. Qxg5 Nd7 24. Bf4 Qxd4 25. Rfc1+ Kb7 26. Rc7+ Ka6 27. Qd8 Qxf4 28. Rxd7 Qh4+ 29. Kg1 Qb4 30.
Qa8+ Kb5 31. Qe8 Qxb2 32. Rd2+ Kb4 33. Rxb2+ Kc3 34. Rxb6 e5 35. Qxe5+ Kd3 36. Rd1+ Kc2 37. Qe2+ Kc3 38. Rd3+ Kc4 39. Qe4+ Kc5 40. Rd5+ Kxb6 41. Qe6+ Kc7 42. Rd7+ Kc8 43. Qe8# 1-0

[Event "Live Chess"]
[Site "Chess.com"]
[Date "2024.06.02"]
[Round "-"]
[White "SavagePawn7"]
[Black "elephantgerrald"]
[Result "1-0"]
[WhiteElo "660"]
[BlackElo "815"]
[TimeControl "300"]
[EndTime "23:56:39 PDT"]
[Termination "SavagePawn7 won by checkmate"]

1. e4 e5 2. d4 exd4 3. c3 dxc3 4. Bc4 cxb2 5. Bxb2 Bb4+ 6. Nc3 Nf6 7. e5 Bxc3+ 8.
Bxc3 Qe7 9. Qe2 Ng8 10. Nf3 Nc6 11. O-O f6 12. Rfe1 fxe5 13. Nxe5 Qf6 14. Ng4+ Qe7 15. Qxe7+ Ngxe7 16. Bxg7 Rg8 17. Bxg8 Nb4 18. Re4 c5 19. Rae1 Nd5 20. Nf6+ Nxf6 21. Rxe7+ Kd8 22. Bxf6 Kc7 23. Be5+ Kb6 24. Rb1+ Ka5 25. Bc3+ Ka4 26. Re4+ Ka3 27. Rb3+ Kxa2 28. Ra4# 1-0

[Event "Live Chess"]
[Site "Chess.com"]
[Date "2024.06.02"]
[Round "-"]
[White "Ocelot32"]
[Black "juniortay"]
[Result "0-1"]
[WhiteElo "1373"]
[BlackElo "2407"]
[TimeControl "300"]
[EndTime "23:56:40 PDT"]
[Termination "juniortay won by resignation"]

1. e4 e5 2. Nf3 Nf6 3. Nxe5 Nc6 4.
Nxc6 dxc6 5. d3 Bc5 6. Be2 h5 7. h3 Be6 8. c3 Bb6 9. d4 Nxe4 10.
Nd2 Nxd2 11. Bxd2 Qd7 12. Bf3 O-O-O 13. O-O g5 14. a4 g4 15. a5 Bxd4 16. cxd4 gxf3 17.
Qxf3 Bd5 18. Qb3 0-1

[Event "Live Chess"]
[Site "Chess.com"]
[Date "2024.06.02"]
[Round "-"]
[White "RichardABates"]
[Black "booktrunk"]
[Result "1-0"]
[WhiteElo "2360"]
[BlackElo "1508"]
[TimeControl "300"]
[EndTime "23:56:45 PDT"]
[Termination "RichardABates won by resignation"]

1. d4 b6 2. e4 Bb7 3. Bd3 e6 4. Nf3 h6 5. O-O Nf6 6. Nbd2 c5 7. c3 cxd4 8. cxd4 Bb4 9. Qe2 Bxd2 10. Bxd2 Nc6 11. a3 O-O 12. e5 Nd5 13. Qe4 g6 14. Bxh6 f5 15. exf6 Rxf6 16. Bg5 Qf8 17. Bxf6 Nxf6 18.
Qxg6+ Qg7 19. Qxg7+ Kxg7 1-0